 Dungeon Crawl Stone Soup version 0.30.1-4-g462c640d31 (webtiles) character file.

Game seed: 1841562271564405750

67246 suzumiya the Bludgeoner (level 14, -3/143 HPs)
             Began as a Troll Fighter on Aug 24, 2023.
             Was a Believer of Uskayaw.
             Slain by a minotaur simulacrum (13 damage)
             ... in an ice cave.
             The game lasted 00:40:45 (18484 turns).

suzumiya the Bludgeoner (Troll Fighter)            Turns: 18484, Time: 00:40:45

Health: -3/143     AC: 17    Str: 31    XL:     14   Next: 82%
Magic:  13/13      EV:  9    Int:  6    God:    Uskayaw [**....]
Gold:   680        SH: 14    Dex:  9    Spells: 13/13 levels left

rFire   x x .        e - +4 morningstar
rCold   + + .        c - +0 kite shield
rNeg    . . .        M - +0 acid dragon scales
rPois   .            N - +3 crown of Dyrovepreva {rElec Int+2 SInv}
rElec   +            R - +2 cloak {Will+}
rCorr   +            (gloves unavailable)
SInv    +            (boots unavailable)
Will    ++...        b - amulet of reflection
Stlth   +            T - ring of ice
HPRegen 1.23/turn    U - ring of ice
MPRegen 0.13/turn

%: reflection
@: mighty, hasted and slowed, studying Translocations
A: large, unfitting armour, claws 3, regeneration 1, shaggy fur 1, tough skin 1
a: Renounce Religion, Stomp, Line Pass


You were in an ice cave.
You worshipped Uskayaw.
Uskayaw was noncommittal.
You visited 3 branches of the dungeon, and saw 20 of its levels.
You also visited: Sewer, Ossuary, Ice Cave and Volcano.

You collected 1778 gold pieces.
You spent 1098 gold pieces at shops.

Inventory:

Hand Weapons
 e - a +4 morningstar (weapon)
 G - a +2 great mace of flaming
 L - a +3 flail of freezing
Missiles
 A - 12 large rocks
Armour
 c - a +0 kite shield (worn)
 M - +0 acid dragon scales (worn)
 N - the +3 crown of Dyrovepreva (worn) {rElec Int+2 SInv}
   (You bought it in a shop on level 9 of the Dungeon)

   Int:       It affects your intelligence (+2).
   rElec:     It insulates you from electricity.
   SInv:      It lets you see invisible.
 O - a +2 robe of willpower
 R - a +2 cloak of willpower (worn)
Jewellery
 b - an amulet of reflection (around neck)
 g - a ring of willpower
 l - a ring of fire
 D - a +4 ring of slaying
 P - a +4 ring of protection
 T - a ring of ice (left claw)
 U - a ring of ice (right claw)
Wands
 p - a wand of quicksilver (5)
 r - a wand of flame (26)
 I - a wand of paralysis (20) (quivered)
 K - a wand of iceblast (7)
 Q - a wand of digging (7)
 W - a wand of mindburst (9)
Scrolls
 h - 11 scrolls of teleportation
 k - 7 scrolls of blinking
 n - 4 scrolls of fog
 w - 2 scrolls of silence
 x - a scroll of enchant armour
 y - 2 scrolls of torment
 B - 2 scrolls of enchant weapon
 E - a scroll of immolation
 F - a scroll of poison
 S - a scroll of acquirement
 V - a scroll of summoning {unknown}
Potions
 a - a potion of degeneration {unknown}
 d - 5 potions of might
 f - 7 potions of magic
 i - 4 potions of mutation {unknown}
 j - 11 potions of haste
 m - 2 potions of attraction {unknown}
 o - 8 potions of lignification
 q - 5 potions of berserk rage {unknown}
 s - 3 potions of heal wounds
 t - 5 potions of cancellation {unknown}
 u - 4 potions of invisibility {unknown}
 v - 6 potions of brilliance {unknown}
 z - 10 potions of curing
 C - 5 potions of flight {unknown}
 H - 4 potions of ambrosia {unknown}
 J - a potion of resistance {unknown}


   Skills:
 - Level 10.0 Fighting
 - Level 16.0 Maces & Flails
 + Level 12.5 Armour
 - Level 2.4 Dodging
 + Level 8.3 Shields


You had 13 spell levels left.
You didn't know any spells.
Your spell library was empty.

Dungeon Overview and Level Annotations

Branches:
Dungeon (14/15)            Temple (1/1) D:7            Lair (5/5) D:11
  Swamp (0/4) Lair:2        Snake (0/4) Lair:3        Slime (0/5) Lair:4
    Orc (0/2) D:10          Sewer (visited)         Ossuary (visited)
  IceCv (1/1)             Volcano (visited)
 Vaults: D:13-14

Altars:
Cheibriados
Dithmenos
Fedhas
Gozag
Hepliaklqana
Makhleb
Nemelex Xobeh
Okawaru
Qazlal
Ru
Trog
Uskayaw
Wu Jian
Xom
Yredelemnul
Zin
The Shining One

Shops:
D:2 !   D:5 :   D:9 (([[   D:10 =   D:11 *

Annotations:
D:6 3 runed translucent doors, TheFallenCrow's ghost, novice DsMo


Innate Abilities, Weirdness & Mutations

You are too large for most types of armour.
You have claws for hands.
Your natural rate of healing is unusually fast.
You are covered in fur. (AC +1)
You have tough skin. (AC +1)


Message History

The minotaur simulacrum hits you but does no damage.
You block the minotaur simulacrum's attack.
The freezing wraith closely misses you.
The freezing wraith completely misses you.
The freezing wraith hits you. The freezing wraith freezes you! You resist.
You block the freezing wraith's attack.
You feel yourself speed up. The minotaur simulacrum hits you!!
The minotaur simulacrum freezes you! You resist.
* * * LOW HITPOINT WARNING * * *
The minotaur simulacrum gores you but does no damage.
You block the freezing wraith's attack. The freezing wraith barely misses you.
The freezing wraith hits you but does no damage. x2
You hit the freezing wraith but do no damage.
You block the freezing wraith's attack. x2; The freezing wraith hits you.
* * * LOW HITPOINT WARNING * * *
The freezing wraith freezes you. You resist.
* * * LOW HITPOINT WARNING * * *
The freezing wraith closely misses you. The minotaur simulacrum hits you.
* * * LOW HITPOINT WARNING * * *
The minotaur simulacrum freezes you. You resist.
* * * LOW HITPOINT WARNING * * *
The minotaur simulacrum gores you but does no damage.
You completely miss the freezing wraith.
You block the freezing wraith's attack. The freezing wraith closely misses you.
The freezing wraith hits you but does no damage.
You block the freezing wraith's attack.
The minotaur simulacrum hits you but does no damage.
The minotaur simulacrum gores you but does no damage.
Unknown command.
You feel much better.
You block the freezing wraith's attack. x2
The freezing wraith misses you.
The freezing wraith hits you but does no damage.
The minotaur simulacrum hits you!
* * * LOW HITPOINT WARNING * * *
The minotaur simulacrum freezes you! You resist.
* * * LOW HITPOINT WARNING * * *
The minotaur simulacrum gores you!
* * * LOW HITPOINT WARNING * * *
The minotaur simulacrum freezes you! You resist.
You die...

##.... #......
....... #### .......
##..########.......
##....##..##........
#...................
#..∩∩.WWZ.........⌠.
#......@##..........
##....######........
##..## ##.......
#### ....... .......
#...... ##.... ###


You could see 2 freezing wraiths and a minotaur simulacrum.

Vanquished Creatures
  Nessos (Lair:3)
  3 dire elephants (Lair:5)
  A catoblepas (D:10)
  2 centaur warriors
  6 boulder beetles
  5 hydras
  4 two-headed ogres
  Lodul (D:10)
  A spectral death yak (Lair:5)
  A spectral anaconda (Lair:5)
  2 bog bodies (Lair:2)
  An obsidian statue (Lair:5)
  A lindwurm (Lair:5)
  2 deep elf pyromancers
  3 necromancers (Lair:5)
  3 manticores
  An ugly thing (D:11)
  A salamander (Volcano)
  2 dire elephant zombies (Lair:5)
  A cyclops (D:11)
  Joseph (D:7)
  8 slime creatures
  13 elephants
  4 black mambas
  A gargoyle (D:12)
  5 rime drakes
  14 cane toads
  A freezing wraith (IceCv)
  Psyche (D:10)
  9 komodo dragons
  An anaconda simulacrum (IceCv)
  6 trolls
  4 hornets
  A polar bear (Lair:1)
  Grinder (Sewer)
  8 dream sheep
  Prince Ribbit (D:7)
  A spectral elephant (Lair:5)
  15 blink frogs
  Sigmund (D:3)
  A shadow (D:13)
  5 basilisks
  5 spriggans (Lair:1)
  2 wraiths (D:11)
  3 fire bats (Volcano)
  2 vampires (D:11)
  11 wyverns
  47 yaks
  6 vampire mosquitoes
  A minotaur simulacrum (IceCv)
  A steam dragon (D:10)
  A death yak simulacrum (Lair:5)
  Menkaure (D:7)
  A swamp worm (Lair:2)
  2 nagas (Lair:3)
  4 acid dragons
  18 water moccasins
  A hell hound (Volcano)
  2 ice beasts
  6 orc warriors
  2 black bears
  11 ogres
  2 sky beasts (D:8)
  An elephant zombie (Lair:5)
  16 wolves
  A centaur (Volcano)
  14 bullfrogs
  A kobold brigand (D:10)
  A necrophage (Sewer)
  2 cane toad simulacra (Lair:5)
  3 gnoll sergeants (D:10)
  A deep troll simulacrum (IceCv)
  8 wights
  A scorpion (D:6)
  A troll zombie (Ossuary)
  An elephant simulacrum (Lair:5)
  15 killer bees
  2 howler monkeys
  2 electric eels
  2 centaur zombies (Ossuary)
  2 hounds
  A jelly (D:5)
  2 orc priests
  A sleepcap (D:5)
  Terence (D:3)
  An iguana (D:7)
  7 orc wizards
  16 hell rats
  2 ogre zombies (Ossuary)
  7 mummies (Ossuary)
  10 gnolls
  8 adders
  2 white imps (D:8)
  6 ufetubi (Sewer)
  7 adder zombies (Ossuary)
  A worm (D:2)
  3 dart slugs
  25 orcs
  16 ball pythons
  10 endoplasms
  5 giant cockroaches
  3 goblins
  4 hobgoblins
  8 jackals
  18 kobolds
  A quokka (D:2)
  4 bats
  3 frilled lizards (D:1)
  2 goblin zombies (Ossuary)
  2 hobgoblin zombies (Ossuary)
  7 kobold zombies
  5 quokka zombies (Ossuary)
  3 rats
  7 rat zombies
545 creatures vanquished.

Notes
Turn   | Place    | Note
-------+----------+-------------------------------------------
     0 | D:1      | suzumiya the Troll Fighter began the quest for the Orb.
     0 | D:1      | Reached XP level 1. HP: 22/22 MP: 0/0
    99 | D:1      | Reached skill level 2 in Maces & Flails
   133 | D:1      | Reached XP level 2. HP: 29/29 MP: 1/1
   433 | D:1      | Reached XP level 3. HP: 29/36 MP: 2/2
   862 | D:1      | You fall into a shaft and drop 1 floor!
   906 | D:2      | Reached skill level 3 in Maces & Flails
  1009 | D:2      | Reached XP level 4. HP: 44/44 MP: 3/3
  1122 | D:2      | Found Xuownad's Distillery.
  1525 | D:3      | Noticed Sigmund
  1563 | D:3      | Killed Sigmund
  1564 | D:3      | Reached skill level 4 in Maces & Flails
  1564 | D:3      | Reached XP level 5. HP: 34/50 MP: 4/4
  1716 | D:3      | Reached XP level 6. HP: 59/59 MP: 5/5
  1727 | D:3      | Found a sparkling altar of Nemelex Xobeh.
  1807 | D:3      | Noticed Terence
  1882 | D:3      | Killed Terence
  1980 | D:3      | Found a glowing drain.
  1985 | Sewer    | Entered a sewer
  2056 | Sewer    | Reached skill level 5 in Maces & Flails
  2124 | Sewer    | Found an ancient bone altar of Kikubaaqudgha.
  2135 | Sewer    | Noticed Grinder
  2178 | Sewer    | Reached XP level 7. HP: 66/66 MP: 6/6
  2192 | Sewer    | Killed Grinder
  2193 | Sewer    | Reached skill level 6 in Maces & Flails
  2193 | Sewer    | Reached skill level 5 in Shields
  2910 | D:4      | Found a sand-covered staircase.
  2919 | Ossuary  | Entered an ossuary
  3189 | Ossuary  | Reached skill level 7 in Maces & Flails
  3335 | Ossuary  | Reached XP level 8. HP: 74/74 MP: 7/7
  3504 | D:4      | Found a stormy altar of Qazlal.
  3554 | D:4      | Found a blossoming altar of Fedhas.
  3763 | D:5      | Entered Level 5 of the Dungeon
  3931 | D:5      | Found Mek Ovosooll's Tiny Tomes.
  4167 | D:5      | Reached skill level 8 in Maces & Flails
  4670 | D:6      | Found a hide-covered altar of Uskayaw.
  4682 | D:6      | Became a worshipper of Uskayaw the Reveller
  4793 | D:6      | Noticed a hornet
  4803 | D:6      | Reached * piety under Uskayaw
  4805 | D:6      | Killed a hornet
  4805 | D:6      | Reached ** piety under Uskayaw
  4806 | D:6      | Reached skill level 9 in Maces & Flails
  4924 | D:6      | Found a runed translucent gate.
  4925 | D:6      | Found a runed translucent gate.
  4925 | D:6      | Found a runed translucent gate.
  4926 | D:6      | Found an opulent altar of Gozag.
  4926 | D:6      | Noticed a two-headed ogre
  4926 | D:6      | Noticed TheFallenCrow's ghost (novice DsMo)
  5059 | D:7      | Noticed Prince Ribbit
  5065 | D:7      | Killed Prince Ribbit
  5066 | D:7      | Reached XP level 9. HP: 57/84 MP: 8/8
  5153 | D:7      | Reached *** piety under Uskayaw
  5154 | D:7      | Reached **** piety under Uskayaw
  5209 | D:7      | Noticed Joseph
  5225 | D:7      | Reached ***** piety under Uskayaw
  5231 | D:7      | Killed Joseph
  5232 | D:7      | Reached skill level 10 in Maces & Flails
  5312 | D:7      | Found a staircase to the Ecumenical Temple.
  5321 | Temple   | Entered the Ecumenical Temple
  5796 | D:7      | Noticed Menkaure
  5806 | D:7      | Killed Menkaure
  5999 | D:8      | Paralysed by a hornet for 3 turns
  6245 | D:2      | Bought a potion of curing for 42 gold pieces
  6245 | D:2      | Bought a potion of might for 56 gold pieces
  6245 | D:2      | Bought 2 potions of curing for 84 gold pieces
  6394 | D:8      | Reached skill level 5 in Fighting
  6535 | D:8      | Reached skill level 1 in Armour
  6921 | D:8      | Paralysed by a hornet for 1 turns
  7175 | D:9      | Found Hececvof's Antique Weapon Shoppe.
  7175 | D:9      | Noticed a troll
  7192 | D:9      | Reached XP level 10. HP: 98/98 MP: 9/9
  7239 | D:9      | Found Xeha's Weapon Emporium.
  7394 | D:9      | Found Xerer's Antique Armour Boutique.
  7482 | D:9      | Reached skill level 11 in Maces & Flails
  7859 | D:9      | Found Dett's Armour Boutique.
  8308 | D:10     | Entered Level 10 of the Dungeon
  8505 | D:10     | Noticed Psyche
  8519 | D:10     | Killed Psyche
  8703 | D:10     | Found a staircase to the Orcish Mines.
  8735 | D:10     | Reached XP level 11. HP: 54/107 MP: 10/10
  8832 | D:10     | Found Gewk's Jewellery Shop.
  8875 | D:10     | Noticed Lodul
  8908 | D:9      | Bought the +3 crown of Dyrovepreva {rElec Int+2 SInv} for
                  | 496 gold pieces
  8908 | D:9      | Found the +3 crown of Dyrovepreva {rElec Int+2 SInv}
  9013 | D:10     | Noticed a catoblepas
  9016 | D:10     | Noticed a centaur warrior
  9022 | D:10     | Killed a centaur warrior
  9023 | D:10     | Reached skill level 5 in Armour
  9027 | D:10     | Killed a catoblepas
  9028 | D:10     | Reached skill level 12 in Maces & Flails
  9330 | D:10     | Killed Lodul
  9946 | D:10     | Bought an amulet of reflection for 420 gold pieces
 10078 | D:11     | Noticed a two-headed ogre
 10091 | D:11     | Killed a two-headed ogre
 10120 | D:11     | Noticed a boulder beetle
 10153 | D:11     | Killed a boulder beetle
 10191 | D:11     | Found Fobu's Assorted Antiques.
 10260 | D:11     | Found a staircase to the Lair.
 10396 | D:11     | Noticed a cyan ugly thing
 10407 | D:11     | Killed a cyan ugly thing
 10408 | D:11     | Reached skill level 13 in Maces & Flails
 10554 | D:11     | Reached XP level 12. HP: 119/119 MP: 11/11
 10627 | Lair:1   | Entered Level 1 of the Lair of Beasts
 11754 | Lair:2   | Reached skill level 14 in Maces & Flails
 12396 | Lair:2   | Reached XP level 13. HP: 109/127 MP: 12/12
 12788 | Lair:2   | Found a staircase to the Swamp.
 12917 | Lair:3   | Noticed Nessos
 12937 | Lair:3   | Killed Nessos
 13042 | Lair:3   | Reached skill level 10 in Armour
 13085 | Lair:3   | Reached ****** piety under Uskayaw
 13240 | Lair:3   | Reached skill level 15 in Maces & Flails
 13435 | Lair:3   | Found a staircase to the Snake Pit.
 14335 | Lair:4   | Found a staircase to the Slime Pits.
 14987 | Lair:5   | Entered Level 5 of the Lair of Beasts
 15100 | Lair:5   | Found a dark tunnel.
 15130 | Lair:5   | Reached XP level 14. HP: 123/140 MP: 13/13
 15455 | Volcano  | Entered a volcano
 16153 | Lair:5   | Identified the staff of death "Rimier" {+Blink rN+ Str+3
                  | Stlth+}
 16190 | Lair:5   | Reached skill level 10 in Fighting
 16277 | Lair:5   | Reached skill level 16 in Maces & Flails
 16537 | Lair:5   | Identified a scroll of acquirement
 18348 | D:14     | Found a frozen archway.
 18361 | IceCv    | Entered an ice cave
 18484 | IceCv    | Slain by a minotaur simulacrum

Illustrated notes

Levels and vault maps discovered:
D:1:      sevenhm_arrival_forest_fort_small_3, layout_basic
D:2:      layout_basic, serial_shops, nicolae_shop_statue_plus
D:3:      layout_loops_ring, nemelex_dance_club_becter, portal_sewer_entry_e,
          uniq_terence, uniq_sigmund
D:4:      layout_rooms, grunt_temple_overflow_forces_of_nature, enter_ossuary_4
D:5:      layout_basic, nicolae_shop_i_like_small_books_too
D:6:      layout_rooms, nicolae_uskayaw_dance_hall, ebering_ghost_gozag,
          hangedman_abyss_or_decor_passed, grunt_decor_clamped, hex_tiny
D:7:      layout_rooms, lemuel_temple_firewalk_b, uniq_prince_ribbit1,
          uniq_menkaure, uniq_joseph
D:8:      layout_loops_ring, tgw_sif, kennysheep_crisscross,
          nicolae_kite_square_tiling_tiny, dk_noncrumbling_2
D:9:      layout_stronghold, nicolae_overflow_hidden_temple, serial_shops, shop,
          nicolae_shop_crystal, nicolae_square_shop,
          nicolae_shop_bloodbath_and_beyond
D:10:     layout_irregular_city, kennysheep_orc_monster_closet_entryway,
          hangedman_decor_lopped, minmay_shop_enchanted_jewellery, minivault_20,
          uniq_lodul, uniq_psyche
D:11:     layout_cave_pools, david_lair_generic, serial_shops,
          nicolae_shop_pleasant_corner_grove
D:12:     layout_roguey
D:13:     layout_small_grid, roderic_lattice_a
D:14:     layout_cross, david_vaults_2, serial_bayou_lagoon_a,
          portal_ice_cave_entry_pillars_three, minivault_4
Temple:   oiseaux_autumnal_temple
Lair:1:   kb_forest_paths, layout_regular_city, infiniplex_staircase_pool_2
Lair:2:   nzn_winding_woodlands_stair_trap
          [nzn_winding_woodlands_5x15_pathside_ponds,
          nzn_winding_woodlands_5x15_concentric,
          nzn_winding_woodlands_5x15_twine, nzn_winding_woodlands_15x15_eel_pit,
          nzn_winding_woodlands_5x15_crooked, nzn_winding_woodlands_5x15_zeroes,
          nzn_winding_woodlands_5x15_default], layout_misc_corridors,
          nicolae_swamp_entry_splash_gauntlet
Lair:3:   layout_roguey [special_room_mythical_zoo],
          guppyfry_snake_entry_garden, chequers_serial_rivers_large_a,
          chequers_serial_rivers_micro_b, uniq_nessos
Lair:4:   layout_cave_shapes, slime_entry_1, lemuel_fruit_fields,
          serial_bayou_shore_a
Lair:5:   due_jungle_book, layout_regular_city, nicolae_volcano_entry_lava_flow
IceCv:    ice_cave_tombish

Skill      XL: |  1  2  3  4  5  6  7  8  9 10 11 12 13 14 |
---------------+-------------------------------------------+-----
Maces & Flails | 2 3 4 5 7 9 10 11 13 14 15 16 | 16.0
Shields        | 3 4 5 6 8 |  8.3
Fighting       | 3 5 6 8 9 10 | 10.0
Armour         | 1 4 7 9 11 12 | 12.5
Dodging        | |  2.4

Action                     |  1- 3 |  4- 6 |  7- 9 | 10-12 | 13-15 || total
---------------------------+-------+-------+-------+-------+-------++-------
  Melee: Flail             |   111 |   171 |    29 |       |       ||   311
         Morningstar       |       |       |   271 |   578 |   778 ||  1627
  Evoke: Wand              |       |       |     5 |       |       ||     5
    Use: Scroll            |       |     4 |     8 |     5 |     7 ||    24
         Potion            |       |       |     4 |     4 |     5 ||    13
   Stab: Sleeping          |       |     1 |     1 |       |       ||     2
         Paralysed         |       |       |     6 |    37 |    38 ||    81
 Armour: Robe              |    24 |    80 |    54 |       |       ||   158
         Acid dragon scale |       |       |     1 |   166 |   308 ||   475
  Dodge: Dodged            |    55 |    90 |    85 |   125 |   250 ||   605
  Block: Kite shield       |    39 |    91 |   126 |   307 |   538 ||  1101
         Reflection        |       |       |       |       |     2 ||     2
